 Dungeon Crawl Stone Soup version 0.17.1-2-g5865329 (webtiles) character file.

194 Hopiakuusi the Ducker (level 5, -8/53 HPs)
             Began as a Troll Fighter on Feb 3, 2016.
             Mangled by an ogre
             ... wielding a +0 giant spiked club
              (16 damage)
             ... on level 3 of the Dungeon.
             The game lasted 00:17:03 (2252 turns).

Hopiakuusi the Ducker (Troll Fighter)               Turns: 2252, Time: 00:17:03

Health: -8/53      AC:  5    Str: 25    XL:     5   Next: 44%
Magic:  4/4        EV:  8    Int:  4    God:
Gold:   195        SH:  9    Dex:  9    Spells: 0 memorised, 4 levels left

rFire  . . .     SeeInvis .     a - +0 flail
rCold  . . .     Clarity  +     b - +0 robe
rNeg   . . .     SustAt   .     c - +0 shield
rPois  .         Gourm    +     (helmet restricted)
rElec  .         Spirit   .     (no cloak)
rCorr  .         Warding  .     (gloves unavailable)
rMut   .         Stasis   .     (boots unavailable)
MR     .....                    h - amulet of clarity
Stlth  +.........               (no ring)
                                (no ring)

@: not resistant to hostile enchantments, very unstealthy
A: unfitting armour, claws 3, fast metabolism 3, gourmand, regeneration 2,
shaggy fur 1, tough skin 2
a: no special abilities


You were on level 3 of the Dungeon.
You were very full.

You visited 1 branch of the dungeon, and saw 4 of its levels.

You collected 195 gold pieces.

Inventory:

Hand Weapons
 a - a +0 flail (weapon)
 u - a cursed -3 spear
Missiles
 t - 3 javelins of returning (quivered)
Armour
 b - a +0 robe (worn)
 c - a +0 shield (worn)
Jewellery
 h - an amulet of clarity (around neck)
Scrolls
 i - 3 scrolls of remove curse
 j - 5 scrolls of identify
 k - a scroll of teleportation
 l - a scroll of enchant armour {unknown}
 m - a scroll of recharging {unknown}
 p - a scroll of blinking {unknown}
 s - a scroll of noise {unknown}
 v - a scroll of amnesia {unknown}
Potions
 d - a potion of might
 f - a potion of lignification {unknown}
 g - 4 potions of agility {unknown}
 o - a potion of poison {unknown}
 q - a potion of curing {unknown}
 r - a potion of heal wounds {unknown}
Comestibles
 e - 3 bread rations
 n - a meat ration


   Skills:
 + Level 3.0 Fighting
 + Level 2.6 Maces & Flails
 + Level 3.5 Dodging
 + Level 0.3 Stealth
 + Level 3.3 Shields


You had 4 spell levels left.
You didn't know any spells.

Dungeon Overview and Level Annotations

Branches:
Dungeon (4/15)
 Temple: D:4-7

Altars:
Gozag
Qazlal

Annotations:
D:3 Clownie's ghost, amateur DrGl; Grinder
D:4 murphy's ghost, weakling SpWr


Innate Abilities, Weirdness & Mutations

You are too large for most types of armour.
You have claws for hands.
Your metabolism is lightning-fast.
You like to eat raw meat.
You heal very quickly.
You are covered in fur (AC +1).
You have very tough skin (AC +2).


Message History

Grinder gestures.
Grinder blinks!
Things that are here:
a club; a hand axe; a ring mail No target in view!
Things that are here:
a club; a hand axe; a ring mail You sock the ogre!
The ogre is moderately wounded.
The ogre closely misses you.
You sock the ogre!
The ogre is heavily wounded.
The ogre hits you with a giant spiked club!!
* * * LOW HITPOINT WARNING * * *
Grinder gestures.
Grinder blinks!
You barely miss the ogre.
The ogre is heavily wounded.
The ogre hits you with a giant spiked club!
You die...

.#.#.#.#.#.#.#.##...###.#
#.#.#.#.#.#.#.#.##..###.#
.#.#.#.#.#.#.#..........#
#.#.#.#.#.#.#.#..#..#####
.#.#.#.#+#.#.#.#.#..#
#.#.#.#...#.#.##.#..#
.#.#.#+....#.#.#.#..#
##.####...######.#..# #.#
#...# #@#5.##.# ##.# #...#
#O#.....#
...####...######.ยง.######
##....+...........5......
#.####...#######$.######
#.#......# #..#######
##.#......# #.>....r..
.#+#......# ##........
..........# .........


You could see Grinder and an ogre.

Vanquished Creatures
  A worker ant (D:4)
  4 gnolls (D:3)
  5 adders (D:2)
  An ooze (D:3)
  4 worms
  A giant gecko (D:2)
  An orc (D:3)
  6 hobgoblins
  8 jackals
  7 kobolds
  3 quokkas (D:3)
  9 bats
  2 giant cockroaches
  A giant newt (D:1)
  5 goblins
  6 rats
64 creatures vanquished.

Notes
Turn   | Place    | Note
--------------------------------------------------------------
     0 | D:1      | Hopiakuusi the Troll Fighter began the quest for the Orb.
     0 | D:1      | Reached XP level 1. HP: 22/22 MP: 0/0
   117 | D:1      | Reached XP level 2. HP: 25/29 MP: 1/1
   847 | D:2      | Reached XP level 3. HP: 36/36 MP: 2/2
  1206 | D:2      | Reached skill level 3 in Dodging
  1221 | D:2      | Reached XP level 4. HP: 35/44 MP: 3/3
  1452 | D:2      | Found a stormy altar of Qazlal.
  1865 | D:3      | Reached XP level 5. HP: 27/52 MP: 4/4
  2054 | D:3      | Found an opulent altar of Gozag.
  2100 | D:3      | Noticed Clownie's ghost (amateur DrGl)
  2175 | D:4      | Noticed murphy's ghost (weakling SpWr)
  2219 | D:4      | Noticed an ogre
  2224 | D:3      | Noticed Grinder
  2252 | D:3      | Mangled by an ogre

Action                   |  1- 3 |  4- 6 || total
-------------------------+-------+-------++-------
Melee: Flail             |   131 |   122 ||   253
  Use: Scroll            |       |     2 ||     2
 Stab: Sleeping          |       |     1 ||     1
  Eat: Chunk             |    16 |     9 ||    25
